ITL
WISCONSIN TIMBER RATTLERS @ TRENTON STARS
09/13/2027
 
TOP OF THE 1ST
Wisconsin Timber Rattlers batting - Pitching for Trenton Stars : LHP Joseph Byrne
Pitching: LHP Joseph Byrne
Batting: RHB Dick Slagboom 0-0: Called Strike
0-1: Ball
1-1: Called Strike
1-2: Ball
2-2: Foul Ball, location: 2F
2-2: Strikes out looking
Batting: LHB Ramón Córdova 0-0: Ball
1-0: Ball
2-0: Foul Ball, location: 2F
2-1: Foul Ball, location: 2F
2-2: Ground out 5-3 (Groundball, 56)
Batting: RHB Shawn Marshall 0-0: Ball
1-0: Fly out, F7 (Line Drive, 7)
Top of the 1st over - 0 run(s), 0 hit(s), 0 error(s), 0 left on base; Wisconsin 0 - Trenton 0
BOTTOM OF THE 1ST
Trenton Stars batting - Pitching for Wisconsin Timber Rattlers : RHP Manny Canseco
Pitching: RHP Manny Canseco
Batting: RHB George Reeves 0-0: Called Strike
0-1: Ball
1-1: SINGLE (Line Drive, 6MD)
Batting: RHB Rafael Canales 0-0: Foul Ball, location: 2F
0-1: Ball
1-1: SINGLE (Line Drive, 8LS)
George Reeves to second
Batting: LHB Marvin Morris 0-0: Foul Ball, location: 2F
0-1: Foul Ball, location: 2F
0-2: SINGLE (Groundball, 34D)
George Reeves to third
Rafael Canales to second
Runner from 3rd tries for Home, SAFE, throw made at trailing runner, OUT at third!
Batting: RHB Clancy Booker 0-0: Called Strike
0-1: Ball
1-1: Ball
2-1: Ball
3-1: Fly out, F9 (Flyball, 9S)
Batting: RHB Gabriel Villegas 0-0: Ball
1-0: Foul Ball, location: 2F
1-1: Swinging Strike
1-2: Fly out, F9 (Line Drive, 89M)
Bottom of the 1st over - 1 run(s), 3 hit(s), 0 error(s), 1 left on base; Wisconsin 0 - Trenton 1
TOP OF THE 2ND
Wisconsin Timber Rattlers batting - Pitching for Trenton Stars : LHP Joseph Byrne
Batting: RHB Enrico Ramos 0-0: Ball
1-0: Swinging Strike
1-1: Swinging Strike
1-2: Foul Ball, location: 2F
1-2: Foul Ball, location: 2F
1-2: Foul Ball, location: 2F
1-2: Strikes out swinging
Batting: RHB Vicente Vélez 0-0: Ball
1-0: Ball
2-0: SINGLE (Groundball, 56D)
Batting: RHB John Denton 0-0: Ball
1-0: Called Strike
1-1: Called Strike
1-2: Ball
2-2: Ball
3-2: SINGLE (Groundball, 4MD)
Vicente Vélez to second
Runner from 2nd tries for 3rd, SAFE, throw made to third
Batting: LHB Alex Henderson 0-0: 3-RUN HOME RUN (Flyball, 9LD), Distance : 343 ft
Batting: RHB Pablo Gonzáles 0-0: Ball
1-0: Ball
2-0: Ball
3-0: Called Strike
3-1: SINGLE (Line Drive, 4MD)
Batting: RHB Greg King 0-0: Ball
1-0: Ball
2-0: Fielders Choice at 2nd, 6-4 (Groundball, 6)
Batting: RHB Dick Slagboom 0-0: Called Strike
0-1: Ball
1-1: Foul Ball, location: 2F
1-2: Foul Ball, location: 2F
1-2: Ball
2-2: Ball
3-2: Ground out 4-3 (Groundball, 4)
Top of the 2nd over - 3 run(s), 4 hit(s), 0 error(s), 1 left on base; Wisconsin 3 - Trenton 1
BOTTOM OF THE 2ND
Trenton Stars batting - Pitching for Wisconsin Timber Rattlers : RHP Manny Canseco
Batting: SHB Nick Marshall 0-0: Ground out 4-3 (Groundball, 34)
Batting: RHB Chris Cole 0-0: Ball
1-0: Ball
2-0: Called Strike
2-1: SINGLE (Line Drive, 56D)
Batting: LHB Ju-wei Shiu 0-0: Ball
1-0: Ball
2-0: Ball
3-0: Base on Balls
Chris Cole to second
Batting: RHB Peter Sexton 0-0: Ball
1-0: Fly out, F8 (Flyball, 8RM)
Batting: RHB George Reeves 0-0: Ball
1-0: Ball
2-0: SINGLE (Line Drive, 6D)
Chris Cole to third
Ju-wei Shiu to second
Runner from 3rd tries for Home, SAFE, no throw
Batting: RHB Rafael Canales 0-0: Called Strike
0-1: Fielders Choice at 2nd, 4-6 (Groundball, 4)
Bottom of the 2nd over - 1 run(s), 2 hit(s), 0 error(s), 1 left on base; Wisconsin 3 - Trenton 2
TOP OF THE 3RD
Wisconsin Timber Rattlers batting - Pitching for Trenton Stars : LHP Joseph Byrne
Batting: LHB Ramón Córdova 0-0: Ball
1-0: SINGLE (Groundball, 6MD)
Batting: RHB Shawn Marshall 0-0: Fielders Choice at 2nd, 4-6 (Groundball, 34)
Batting: RHB Enrico Ramos 0-0: Ball
1-0: TRIPLE (Flyball, 9LM)
Shawn Marshall scores
Batting: RHB Vicente Vélez 0-0: Ball
1-0: Ball
2-0: Ball
3-0: Called Strike
3-1: Base on Balls
Batting: RHB John Denton 0-0: Grounds into double play, 3-6-3 (Groundball, 34)
Top of the 3rd over - 1 run(s), 2 hit(s), 0 error(s), 1 left on base; Wisconsin 4 - Trenton 2
BOTTOM OF THE 3RD
Trenton Stars batting - Pitching for Wisconsin Timber Rattlers : RHP Manny Canseco
Batting: LHB Marvin Morris 0-0: SINGLE (Flyball, 8LS)
Batting: RHB Clancy Booker 0-0: Ball
1-0: Fly out, F7 (Flyball, 7S)
Batting: RHB Gabriel Villegas 0-0: Called Strike
0-1: Grounds into double play, 6-4-3 (Groundball, 6)
Bottom of the 3rd over - 0 run(s), 1 hit(s), 0 error(s), 0 left on base; Wisconsin 4 - Trenton 2
TOP OF THE 4TH
Wisconsin Timber Rattlers batting - Pitching for Trenton Stars : LHP Joseph Byrne
Batting: LHB Alex Henderson 0-0: Called Strike
0-1: Ball
1-1: Swinging Strike
1-2: Ball
2-2: Ground out 4-3 (Groundball, 34D)
Batting: RHB Pablo Gonzáles 0-0: Swinging Strike
0-1: Ball
1-1: Ball
2-1: Ball
3-1: Foul Ball, location: 2F
3-2: Foul Ball, location: 2F
3-2: Strikes out swinging
Batting: RHB Greg King 0-0: Ball
1-0: Foul Ball, location: 2F
1-1: Ball
2-1: Swinging Strike
2-2: Strikes out swinging
Top of the 4th over - 0 run(s), 0 hit(s), 0 error(s), 0 left on base; Wisconsin 4 - Trenton 2
BOTTOM OF THE 4TH
Trenton Stars batting - Pitching for Wisconsin Timber Rattlers : RHP Manny Canseco
Batting: SHB Nick Marshall 0-0: Ball
1-0: Called Strike
1-1: Fly out, F4 (Line Drive, 4)
Batting: RHB Chris Cole 0-0: Ball
1-0: Swinging Strike
1-1: Swinging Strike
1-2: Foul Ball, location: 2F
1-2: Ball
2-2: Ball
3-2: Fly out, F8 (Flyball, 8RS)
Batting: LHB Ju-wei Shiu 0-0: Foul Ball, location: 2F
0-1: Foul Ball, location: 2F
0-2: Fly out, F5 (Popup, 56S)
Bottom of the 4th over - 0 run(s), 0 hit(s), 0 error(s), 0 left on base; Wisconsin 4 - Trenton 2
TOP OF THE 5TH
Wisconsin Timber Rattlers batting - Pitching for Trenton Stars : LHP Joseph Byrne
Batting: RHB Dick Slagboom 0-0: Ball
1-0: Ball
2-0: Ball
3-0: Foul Ball, location: 2F
3-1: Base on Balls
Batting: LHB Ramón Córdova 0-0: Called Strike
0-1: Ball
1-1: SINGLE (Groundball, 13S) (infield hit)
Dick Slagboom to second
Batting: RHB Shawn Marshall 0-0: Ball
1-0: Ball
2-0: Foul Ball, location: 2F
2-1: Swinging Strike
2-2: SINGLE (Flyball, 89S)
Dick Slagboom to third
Ramón Córdova to second
Batting: RHB Enrico Ramos 0-0: Called Strike
0-1: Swinging Strike
0-2: Strikes out swinging
Batting: RHB Vicente Vélez 0-0: Ball
1-0: Ball
2-0: GRAND SLAM HOME RUN (Flyball, 7LD), Distance : 344 ft
Pitching: RHP Bartolo Rodríguez
Batting: RHB John Denton 0-0: Ball
1-0: Ball
2-0: Called Strike
2-1: SINGLE (Groundball, 34) (infield hit)
Batting: LHB Alex Henderson 0-0: Ball
1-0: Ball
2-0: Ball
3-0: Called Strike
3-1: Base on Balls
John Denton to second
Batting: RHB Pablo Gonzáles 0-0: Ground out 6-3 (Groundball, 6S)
John Denton to third
Alex Henderson to second
Batting: RHB Greg King 0-0: 3-RUN HOME RUN (Flyball, 8LXD), Distance : 428 ft
Pitching: RHP Jesús Martínez
Batting: RHB Dick Slagboom 0-0: Called Strike
0-1: Ball
1-1: Ball
2-1: Ball
3-1: Swinging Strike
3-2: Base on Balls
Batting: LHB Ramón Córdova 0-0: Called Strike
0-1: Foul Ball, location: 2F
0-2: Ball
1-2: Ball
2-2: Ball
3-2: Base on Balls
Dick Slagboom to second
Batting: RHB Shawn Marshall 0-0: Called Strike
0-1: Ball
1-1: Fly out, F9 (Flyball, 89M)
Top of the 5th over - 7 run(s), 5 hit(s), 0 error(s), 2 left on base; Wisconsin 11 - Trenton 2
BOTTOM OF THE 5TH
Trenton Stars batting - Pitching for Wisconsin Timber Rattlers : RHP Manny Canseco
Batting: RHB Peter Sexton 0-0: Swinging Strike
0-1: Ground out 4-3 (Groundball, 4)
Batting: RHB George Reeves 0-0: Called Strike
0-1: Ground out 4-3 (Groundball, 4)
Batting: RHB Rafael Canales 0-0: Swinging Strike
0-1: Ball
1-1: Ball
2-1: Ball
3-1: SINGLE (Line Drive, 6M)
Batting: LHB Marvin Morris 0-0: Called Strike
0-1: Fielders Choice at 2nd, 4-6 (Groundball, 4)
Bottom of the 5th over - 0 run(s), 1 hit(s), 0 error(s), 0 left on base; Wisconsin 11 - Trenton 2
TOP OF THE 6TH
Wisconsin Timber Rattlers batting - Pitching for Trenton Stars : RHP Jesús Martínez
Batting: RHB Enrico Ramos 0-0: Ball
1-0: Ball
2-0: Ball
3-0: Called Strike
3-1: Ground out U3 (Groundball, 3S)
Batting: RHB Vicente Vélez 0-0: Swinging Strike
0-1: Ball
1-1: Ball
2-1: Foul Ball, location: 2F
2-2: Foul Ball, location: 2F
2-2: Foul Ball, location: 2F
2-2: Fly out, F8 (Flyball, 8RS)
Batting: RHB John Denton 0-0: Ball
1-0: Swinging Strike
1-1: Called Strike
1-2: Foul Ball, location: 2F
1-2: Ball
2-2: Foul Ball, location: 2F
2-2: Ground out 4-3 (Groundball, 4)
Top of the 6th over - 0 run(s), 0 hit(s), 0 error(s), 0 left on base; Wisconsin 11 - Trenton 2
BOTTOM OF THE 6TH
Trenton Stars batting - Pitching for Wisconsin Timber Rattlers : RHP Manny Canseco
Batting: RHB Clancy Booker 0-0: Fly out, F8 (Flyball, 89D)
Batting: RHB Gabriel Villegas 0-0: Ball
1-0: Called Strike
1-1: Ball
2-1: Ball
3-1: Foul Ball, location: 2F
3-2: SOLO HOME RUN (Line Drive, 9D), Distance : 346 ft
Batting: SHB Nick Marshall 0-0: Foul Ball, location: 2F
0-1: Ball
1-1: Fly out, F6 (Flyball, 56D)
Batting: RHB Chris Cole 0-0: Ball
1-0: Called Strike
1-1: Ball
2-1: Called Strike
2-2: DOUBLE (Line Drive, 8LXD)
Batting: LHB Ju-wei Shiu 0-0: Swinging Strike
0-1: Ground out 4-3 (Groundball, 4)
Bottom of the 6th over - 1 run(s), 2 hit(s), 0 error(s), 1 left on base; Wisconsin 11 - Trenton 3
TOP OF THE 7TH
Wisconsin Timber Rattlers batting - Pitching for Trenton Stars : RHP Jesús Martínez
Batting: LHB Alex Henderson 0-0: Swinging Strike
0-1: SINGLE (Groundball, 13S) (infield hit)
Batting: RHB Pablo Gonzáles 0-0: Ball
1-0: Foul Ball, location: 2F
1-1: Ball
2-1: Foul Ball, location: 2F
2-2: SINGLE (Line Drive, 6M)
Alex Henderson to second
Pitching: RHP José Gómez
Batting: RHB Greg King 0-0: Called Strike
0-1: Ball
1-1: Fly out, F2 (Popup, 25)
Batting: RHB Dick Slagboom 0-0: Ball
1-0: Ball
2-0: Swinging Strike
2-1: Ball
3-1: Called Strike
3-2: Strikes out swinging
Alex Henderson steals 3rd base
Batter strikes out.
Pablo Gonzáles to second
Batting: LHB Ramón Córdova 0-0: Ball
1-0: Ball
2-0: Foul Ball, location: 2F
2-1: Foul Ball, location: 2F
2-2: Ball
3-2: Ground out 4-3 (Groundball, 34)
Top of the 7th over - 0 run(s), 2 hit(s), 0 error(s), 2 left on base; Wisconsin 11 - Trenton 3
BOTTOM OF THE 7TH
Trenton Stars batting - Pitching for Wisconsin Timber Rattlers : RHP Manny Canseco
Batting: RHB Peter Sexton 0-0: Ball
1-0: Foul Ball, location: 2F
1-1: Swinging Strike
1-2: Strikes out looking
Batting: RHB George Reeves 0-0: Ball
1-0: Ball
2-0: Fly out, F6 (Popup, 56D)
Batting: RHB Rafael Canales 0-0: Ball
1-0: Ball
2-0: Ball
3-0: Base on Balls
Pitching: RHP Manuel González
Batting: LHB Marvin Morris 0-0: Ball
1-0: Swinging Strike
1-1: Foul Ball, location: 2F
1-2: Strikes out swinging
Bottom of the 7th over - 0 run(s), 0 hit(s), 0 error(s), 1 left on base; Wisconsin 11 - Trenton 3
TOP OF THE 8TH
Wisconsin Timber Rattlers batting - Pitching for Trenton Stars : RHP José Gómez
Batting: RHB Shawn Marshall 0-0: Called Strike
0-1: Swinging Strike
0-2: Fly out, F6 (Line Drive, 6)
Batting: RHB Enrico Ramos 0-0: Foul Ball, location: 2F
0-1: Ball
1-1: Foul Ball, location: 2F
1-2: Strikes out swinging
Batting: RHB Vicente Vélez 0-0: Fly out, F4 (Popup, 4D)
Top of the 8th over - 0 run(s), 0 hit(s), 0 error(s), 0 left on base; Wisconsin 11 - Trenton 3
BOTTOM OF THE 8TH
Trenton Stars batting - Pitching for Wisconsin Timber Rattlers : RHP Manuel González
Batting: RHB Clancy Booker 0-0: Ground out 5-3 (Groundball, 5S)
Batting: RHB Gabriel Villegas 0-0: Ball
1-0: SINGLE (Groundball, 6MD)
Batting: SHB Nick Marshall 0-0: Ball
1-0: Foul Ball, location: 2F
1-1: SINGLE (Line Drive, 34D)
Gabriel Villegas to second
Batting: RHB Chris Cole 0-0: Ground out 5-3 (Groundball, 56S)
Gabriel Villegas to third
Nick Marshall to second
Batting: LHB Ju-wei Shiu 0-0: Called Strike
0-1: SINGLE (Flyball, 8LS)
Gabriel Villegas scores
Nick Marshall to third
Runner from 3rd tries for Home, SAFE, no throw
Batting: RHB Peter Sexton 0-0: Swinging Strike
0-1: Foul Ball, location: 2F
0-2: SINGLE (Flyball, 9LS)
Ju-wei Shiu to second
Runner from 2nd tries for 3rd, OUT!
Bottom of the 8th over - 2 run(s), 4 hit(s), 0 error(s), 1 left on base; Wisconsin 11 - Trenton 5
TOP OF THE 9TH
Wisconsin Timber Rattlers batting - Pitching for Trenton Stars : RHP José Gómez
Batting: RHB John Denton 0-0: Fly out, F5 (Popup, 56)
Batting: LHB Alex Henderson 0-0: SOLO HOME RUN (Line Drive, 9D), Distance : 348 ft
Batting: RHB Pablo Gonzáles 0-0: Ball
1-0: Ball
2-0: Ball
3-0: Called Strike
3-1: Swinging Strike
3-2: Foul Ball, location: 2F
3-2: Base on Balls
Batting: RHB Greg King 0-0: Ball
1-0: Called Strike
1-1: Ball
Pablo Gonzáles is caught stealing 2nd base
2-1: Foul Ball, location: 2F
2-2: Ball
3-2: SINGLE (Line Drive, 78M)
Batting: RHB Dick Slagboom 0-0: Called Strike
0-1: Called Strike
Greg King steals 2nd base
0-2: Ball
1-2: Reached on error, E6 (Groundball, 6)
Greg King scores
Batting: LHB Ramón Córdova 0-0: Called Strike
0-1: Ball
1-1: Swinging Strike
1-2: Foul Ball, location: 2F
1-2: Ball
2-2: Ball
3-2: Base on Balls
Batting: RHB Shawn Marshall 0-0: Ball
1-0: Ball
2-0: Ball
3-0: Base on Balls
Dick Slagboom to third
Ramón Córdova to second
Batting: RHB Enrico Ramos 0-0: Ball
1-0: Ball
2-0: Called Strike
2-1: Foul Ball, location: 2F
2-2: Foul Ball, location: 2F
2-2: Ball
3-2: Foul Ball, location: 2F
3-2: Base on Balls
Dick Slagboom scores
Ramón Córdova to third
Shawn Marshall to second
Pitching: LHP Halewijn Tipping
Batting: RHB Vicente Vélez 0-0: Ball
1-0: SINGLE (Flyball, 78S)
Ramón Córdova scores
Shawn Marshall to third
Enrico Ramos to second
Runner from 3rd tries for Home, SAFE, no throw
Batting: RHB John Denton 0-0: Ball
1-0: Ball
2-0: Ball
3-0: Base on Balls
Enrico Ramos to third
Vicente Vélez to second
Batting: LHB Alex Henderson 0-0: Foul Ball, location: 2F
0-1: Ball
1-1: Foul Ball, location: 2F
1-2: Ball
2-2: Foul Ball, location: 2F
2-2: Ball
3-2: Foul Ball, location: 2F
3-2: Base on Balls
Enrico Ramos scores
Vicente Vélez to third
John Denton to second
Batting: RHB Pablo Gonzáles 0-0: Called Strike
0-1: Ball
1-1: Ball
2-1: Ball
3-1: Base on Balls
Vicente Vélez scores
John Denton to third
Alex Henderson to second
Batting: RHB Greg King 0-0: Ball
1-0: SINGLE (Groundball, 6M) (infield hit)
John Denton scores
Alex Henderson to third
Pablo Gonzáles to second
Batting: RHB Dick Slagboom 0-0: Ball
1-0: Ball
2-0: Ball
3-0: Base on Balls
Alex Henderson scores
Pablo Gonzáles to third
Greg King to second
Pitching: RHP Gilberto Martínez
Batting: LHB Ramón Córdova 0-0: Called Strike
0-1: Called Strike
0-2: SINGLE (Groundball, 4D)
Pablo Gonzáles scores
Greg King to third
Dick Slagboom to second
Runner from 3rd tries for Home, SAFE, no throw
Batting: RHB Shawn Marshall 0-0: Ball
1-0: Ball
2-0: Foul Ball, location: 2F
2-1: Swinging Strike
2-2: Ball
3-2: Base on Balls
Dick Slagboom to third
Ramón Córdova to second
Batting: RHB Enrico Ramos 0-0: Foul Ball, location: 2F
0-1: Fly out, F7 (Flyball, 7D)
Top of the 9th over - 11 run(s), 5 hit(s), 1 error(s), 3 left on base; Wisconsin 22 - Trenton 5
BOTTOM OF THE 9TH
Trenton Stars batting - Pitching for Wisconsin Timber Rattlers : RHP Manuel González
Batting: RHB George Reeves 0-0: Ball
1-0: Ball
2-0: Ball
3-0: Called Strike
3-1: Called Strike
3-2: Base on Balls
Batting: RHB Rafael Canales 0-0: Ball
1-0: Grounds into double play, 5-4-3 (Groundball, 5)
Batting: LHB Marvin Morris 0-0: Ball
1-0: Called Strike
1-1: Swinging Strike
1-2: SOLO HOME RUN (Flyball, 9D), Distance : 354 ft
Batting: RHB Clancy Booker 0-0: Ball
1-0: Foul Ball, location: 2F
1-1: Called Strike
1-2: Ground out 4-3 (Groundball, 4S)
Bottom of the 9th over - 1 run(s), 1 hit(s), 0 error(s), 0 left on base; Wisconsin 22 - Trenton 6
Thursday, March 30th, 2017 - OOTP Baseball 17.12 Build 75